AoeStats
← Anikilator_23

Golden Pit

510098048Analyzed
1v1 RM · 1d ago on Sep 29, 2026· 27m 23s· 2 players
Game mode
Random Map
Map size
Tiny (2 player)
Population
200
Speed
Normal
Resources
Standard
Victory
Conquest
Starting age
Dark Age
Ending age
Imperial Age
RankedLock teamsTeams togetherTeam positionsShared explorationLock speedFull tech treeHidden civsTurbo modeCheats
Victory
Defeat
🇺🇸 Varangians · United States
1136
+17
🇪🇸 Saxons · Spain
1164
-17
sksarthak
6:17 Loom
9:27 Feudal Age
10:08 Double-Bit Axe
10:08 Horse Collar
16:53 Wheelbarrow
19:39 Castle Age
19:37 Forging
19:33 Scale Barding Armor
19:44 Bloodlines
Anikilator_23
4:45 Loom
10:29 Feudal Age
13:42 Double-Bit Axe
16:42 Castle Age
20:57 Wheelbarrow
20:20 Horse Collar
Connection lost

Rejoining the realm…

Still unreachable

The connection could not be restored.

Session expired

The server has moved on; the page needs a fresh start.